[Event "Early-Titled-Tuesday-Blitz-October-24-2023"]
[Site "Chess.com"]
[Date "2023.10.24"]
[Round "1"]
[White "JimDiGrease"]
[Black "ErikRonka"]
[Result "0-1"]
[WhiteElo "2874"]
[BlackElo "2506"]
[TimeControl "180+1"]
[EndTime "8:07:09 PDT"]
[Termination "ErikRonka won on time"]

1. d4 d5 2. c4 c6 3. Nf3 Nf6 4. e3 Bf5 5. cxd5 cxd5 6. Qb3 Qc7 7.
Bd2 Nc6 8. Bb5 e6 9. O-O Bd6 10. Bb4 O-O 11. Bxc6 bxc6 12. Bxd6 Qxd6 13. Nbd2 Rab8 14.
Qc3 Nd7 15. Rfc1 Rfc8 16. Nb3 h6 17. Ne5 Nxe5 18. dxe5 Qb4 19. f3 c5 20. Qxb4 Rxb4 21. Nxc5 Rxb2 22. e4 dxe4 23. fxe4 Bg6 24. Rc3 Rd8 25.
Nd3 Rd2 26. Nf2 Re2 27. Rf1 Rdd2 28. Rg3 Rxa2 29. h3 a5 30. Kh2 a4 31. h4 Rxf2 0-1

[Event "Early-Titled-Tuesday-Blitz-October-24-2023"]
[Site "Chess.com"]
[Date "2023.10.24"]
[Round "1"]
[White "Cayse"]
[Black "guillembaches"]
[Result "1-0"]
[WhiteElo "2871"]
[BlackElo "2475"]
[TimeControl "180+1"]
[EndTime "8:07:09 PDT"]
[Termination "Cayse won on time"]

1. e4 d5 2. exd5 Qxd5 3. Nc3 Qa5 4. d4 Nf6 5. Bc4 Bg4 6. f3 Bd7 7. Ne2 c5 8. O-O cxd4 9. Qxd4 Nc6 10. Qf2 e6 11. Be3 Be7 12. a3 O-O 13. Rfd1 Rfd8 14. Nb5 Be8 15. b4 Rxd1+ 16. Rxd1 Nxb4 17. axb4 Qxb4 18. Nc7 Rc8 19. Nxe8 Qxc4 20. Nxf6+ Bxf6 21. Ng3 Qxc2 22. Qxc2 Rxc2 23. Bxa7 Kf8 24. Ne4 Be7 25. Rb1 f5 26. Nf2 Rc7 27. Bb6 Rd7 28. Kf1 Bd6 29. g3 Ke7 30. Ke2 g5 31. Nd3 h5 32. Be3 g4 33. f4 Rc7 34. Kd2 Kd7 35. Rb6 h4 36.
gxh4 Be7 37. Ne5+ Kc8 38. Rxe6 Bxh4 39. Re8+ Bd8 40. Bb6 1-0

[Event "Early-Titled-Tuesday-Blitz-October-24-2023"]
[Site "Chess.com"]
[Date "2023.10.24"]
[Round "1"]
[White "InitiatingASC"]
[Black "lefonghua"]
[Result "0-1"]
[WhiteElo "2331"]
[BlackElo "2654"]
[TimeControl "180+1"]
[EndTime "8:07:11 PDT"]
[Termination "lefonghua won by resignation"]

1. Nf3 Nf6 2. Nc3 c5 3. e4 d6 4. Bb5+ Bd7 5. O-O Nc6 6. Re1 g6 7. d4 cxd4 8. Nxd4 Bg7 9. Nxc6 Bxc6 10. Bxc6+ bxc6 11. e5 dxe5 12. Rxe5 Nd5 13. Rxd5 cxd5 14. Nxd5 e6 15. Ne3 Qxd1+ 16. Nxd1 Ke7 17. Kf1 Rab8 18.
Ke2 Rhd8 19. a4 f5 20. Ra3 e5 21. Rh3 h5 22. Bg5+ Bf6 23. Bxf6+ Kxf6 24. b3 Rbc8 25. Rc3 Rxc3 26. Nxc3 Ke6 27. Nb5 Rc8 28. Kd3 a6 29.
Na3 e4+ 30. Ke3 g5 31. g3 Ke5 32. Nc4+ Rxc4 33. bxc4 f4+ 34. gxf4+ gxf4+ 35. Kd2 Kd4 36. c5 Kxc5 37. Kc3 a5 38. h4 Kd5 39. Kb3 Kd4 40. c4 f3 41. c5 Kxc5 42. Kc3 Kd5 43. Kc2 Kc4 44. Kd2 Kd4 45. Kd1 Kd3 46. Ke1 Kc2 47.
Kf1 Kd2 48. Kg1 Ke2 0-1

[Event "Early-Titled-Tuesday-Blitz-October-24-2023"]
[Site "Chess.com"]
[Date "2023.10.24"]
[Round "1"]
[White "kikoveiga"]
[Black "GAusal"]
[Result "1-0"]
[WhiteElo "2600"]
[BlackElo "2276"]
[TimeControl "180+1"]
[EndTime "8:07:13 PDT"]
[Termination "kikoveiga won by resignation"]

1. c4 e5 2. Nc3 Nc6 3. Nf3 f5 4. d3 Nf6 5. g3 Bb4 6. Bg2 Bxc3+ 7. bxc3 d6 8. O-O O-O 9. Be3 Qe8 10. c5 d5 11. d4 e4 12. Nd2 Bd7 13. Bf4 Rc8 14. c4 Nxd4 15. cxd5 Nxd5 16. e3 Ne6 17. Be5 c6 18.
Nc4 Nd8 19. Bb2 Qf7 20. Nd6 Qe7 21. Nxc8 Bxc8 22. Qd4 Ne6 23. Qe5 Qxc5 24. Rac1 Qe7 25. g4 Nec7 26. gxf5 Qxe5 27. Bxe5 Bxf5 28. Rfd1 Nb5 29.
Rc5 a6 30. a4 Nbc7 31. Rc4 Re8 32. Bg3 Kf7 33. Rb1 Bc8 34. Bxe4 Ne6 35. Bg2 Re7 36. e4 Ndc7 37. f4 Ke8 38. f5 Nf8 39. Bd6 Rd7 40. e5 Nd5 41. Bxd5 cxd5 42. Rxc8+ 1-0

[Event "Early-Titled-Tuesday-Blitz-October-24-2023"]
[Site "Chess.com"]
[Date "2023.10.24"]
[Round "1"]
[White "lluiss"]
[Black "balachess2006"]
[Result "0-1"]
[WhiteElo "2217"]
[BlackElo "2573"]
[TimeControl "180+1"]
[EndTime "8:07:14 PDT"]
[Termination "balachess2006 won by resignation"]

1. Nf3 g6 2. d4 Nf6 3. g3 Bg7 4.
Bg2 O-O 5. O-O c5 6. c4 cxd4 7. Nxd4 Nc6 8. Nc3 Nxd4 9. Qxd4 d6 10. Qd3 Bf5 11. e4 Be6 12. Bd2 Rc8 13. b3 Nd7 14.
Rac1 a5 15. Be3 Nc5 16. Qd2 Qd7 17. Nd5 Bxd5 18. exd5 b6 19. Rfe1 Rfe8 20. Bd4 Bxd4 21.
Qxd4 e5 22. dxe6 fxe6 23. Rcd1 Rcd8 24. Bh3 Qg7 25. Qe3 Qf6 26. Rd2 Kg7 27. Red1 e5 28. Rd5 e4 29. Qd4 Qxd4 30. R5xd4 e3 31.
fxe3 Rxe3 32. Rxd6 Rxd6 33. Rxd6 Re1+ 34. Kf2 Ra1 35. Rxb6 Rxa2+ 36. Kf3 Ra3 37. Ke3 Nxb3 38. Ke4 Nd2+ 39. Kd5 Rd3+ 40. Kc6 Nxc4 41. Rb7+ Kf6 42. Rxh7 Rd2 43. Ra7 Rxh2 44. Bc8 Rh5 45. Ba6 Ne5+ 46.
Kc5 Rg5 47. Kb5 Rxg3 48. Kxa5 Nc6+ 0-1

[Event "Early-Titled-Tuesday-Blitz-October-24-2023"]
[Site "Chess.com"]
[Date "2023.10.24"]
[Round "1"]
[White "Millerkallpa"]
[Black "dosto07"]
[Result "1-0"]
[WhiteElo "2056"]
[BlackElo "2515"]
[TimeControl "180+1"]
[EndTime "8:07:14 PDT"]
[Termination "Millerkallpa won on time"]

1. e4 e5 2. Nf3 Nc6 3. Bb5 a6 4. Ba4 Nf6 5. O-O Be7 6. Re1 b5 7. Bb3 d6 8. c3 O-O 9. h3 Bb7 10. d4 Re8 11. a4 Bf8 12. Na3 h6 13. Qd3 Na5 14. Ba2 exd4 15. Nxd4 Bxe4 16. Qg3 bxa4 17.
Bxh6 Bg6 18. Qxg6 Nb3 19. Bxb3 axb3 20. Qg3 Qd7 21. Bg5 Ne4 22. Qh4 d5 23. Re2 Rab8 24.
Rae1 Bxa3 25. bxa3 b2 26. Rb1 Nxc3 27. Rxe8+ Qxe8 28. Rxb2 Rxb2 29. Nf3 Qe2 30. Be3 f6 31. Qh5 Rb8 32.
Qf5 Qd1+ 33. Kh2 Ne4 34. Qe6+ Kh8 35. Nd4 Qd3 36. Qg4 1-0

[Event "Early-Titled-Tuesday-Blitz-October-24-2023"]
[Site "Chess.com"]
[Date "2023.10.24"]
[Round "1"]
[White "DumbKing75"]
[Black "DKmirl"]
[Result "1-0"]
[WhiteElo "2617"]
[BlackElo "2292"]
[TimeControl "180+1"]
[EndTime "8:07:16 PDT"]
[Termination "DumbKing75 won by checkmate"]

1. e4 c5 2. Nf3 Nc6 3. Bb5 g6 4. O-O Bg7 5. Nc3 Nd4 6. Re1 Nxb5 7. Nxb5 Nf6 8. e5 Nd5 9. c4 Nc7 10. Nc3 O-O 11. d4 cxd4 12. Qxd4 b6 13. Qh4 Bb7 14. Ne4 Ne6 15. Bh6 Rc8 16. Neg5 Bxf3 17. Bxg7 Nxg5 18.
Bxf8 Qxf8 19. Qxg5 Bb7 20. b3 h6 21. Qg4 Bc6 22.
Rad1 Qg7 23. h4 h5 24. Qg5 f6 25. exf6 exf6 26. Qe3 Rf8 27. Qe7 Rf7 28. Qd8+ Kh7 29. Rd3 f5 30. Rde3 Rf8 31. Re8 Rxe8 32. Qxe8 Qd4 33. Re7+ Kh6 34. Qf8+ Qg7 35. Qxg7# 1-0

[Event "Early-Titled-Tuesday-Blitz-October-24-2023"]
[Site "Chess.com"]
[Date "2023.10.24"]
[Round "1"]
[White "Chessmissile07"]
[Black "Smiechu"]
[Result "1/2-1/2"]
[WhiteElo "2926"]
[BlackElo "2508"]
[TimeControl "180+1"]
[EndTime "8:07:17 PDT"]
[Termination "Game drawn by repetition"]

1. d4 Nf6 2. c4 c5 3. d5 e6 4. Nc3 exd5 5. cxd5 d6 6. g3 g6 7. Bg2 Bg7 8. Nf3 O-O 9. O-O Re8 10. Bf4 Ne4 11.
Nxe4 Rxe4 12. Nd2 Rxf4 13. gxf4 Bxb2 14. Rb1 Bg7 15. e4 Nd7 16. Qa4 Nf6 17. Nc4 Bd7 18.
Qb3 Bc8 19. e5 Nh5 20. Qf3 Qh4 21. Nxd6 Bg4 22. Qe3 Bh6 23. Qb3 Bxf4 24. h3 Bxe5 25. Nxf7 Nf4 26. Nxe5 Bxh3 27. d6+ Kh8 28. Qb2 Kg8 29.
Qb3+ Kh8 30. Qb2 Kg8 31. Qb3+ 1/2-1/2

[Event "Early-Titled-Tuesday-Blitz-October-24-2023"]
[Site "Chess.com"]
[Date "2023.10.24"]
[Round "1"]
[White "garicradomir"]
[Black "bocah_sakit"]
[Result "1-0"]
[WhiteElo "2406"]
[BlackElo "2693"]
[TimeControl "180+1"]
[EndTime "8:07:17 PDT"]
[Termination "garicradomir won by resignation"]

1. e4 c5 2. Nf3 Nc6 3. Bb5 g6 4. Bxc6 bxc6 5. d4 cxd4 6. Qxd4 Nf6 7. e5 Nd5 8. O-O Bg7 9. Qh4 O-O 10. Bh6 d6 11.
Bxg7 Kxg7 12. Na3 Bf5 13. c4 Nb6 14. Rad1 Qc7 15. Rfe1 Rfe8 16. g4 Be6 17. g5 dxe5 18.
Qh6+ Kg8 19. Re4 Red8 20. Rh4 Rxd1+ 21. Kg2 f6 22. Qxh7+ Kf8 23. Qxg6 Bg8 24. Rh8 e6 25. Rxg8+ Ke7 26. Rg7+ Kd6 27. c5+ Kxc5 28. Rxc7 Nd5 29.
Qc2+ Kb4 30. Rb7+ Ka5 31. Qxd1 Nb6 32. Rxb6 Kxb6 33. Qb3+ Kc7 34. Qxe6 Rg8 35. Qxg8 fxg5 36. Qf7+ Kb6 37. Nxe5 1-0

[Event "Early-Titled-Tuesday-Blitz-October-24-2023"]
[Site "Chess.com"]
[Date "2023.10.24"]
[Round "1"]
[White "Maect19"]
[Black "ChessRespected"]
[Result "1-0"]
[WhiteElo "2268"]
[BlackElo "2567"]
[TimeControl "180+1"]
[EndTime "8:07:17 PDT"]
[Termination "Maect19 won on time"]

1. d4 d5 2. Nf3 Nf6 3. e3 c6 4. Bd3 Bg4 5. Nbd2 Nbd7 6. O-O e6 7. b3 Bd6 8. Bb2 Qc7 9. c4 Bxh2+ 10. Kh1 Bd6 11.
e4 dxe4 12. Nxe4 Nxe4 13. Bxe4 Nf6 14. Bc2 O-O-O 15. Qd3 Bf5 16. Qe2 Bxc2 17. Qxc2 h5 18. a4 Ng4 19. a5 a6 20. Bc3 Qe7 21. Rab1 Bb4 22. Qd2 Bxc3 23. Qxc3 c5 24. dxc5 Qxc5 25. Kg1 Qf5 26. b4 Rd3 27. Qb2 Rhd8 28. b5 axb5 29. a6 Rxf3 30. axb7+ Kb8 31. Qa2 Qe5 32. Qa8+ Kc7 33. Qa5+ Kd7 34. Rfd1+ Qd5 35. cxd5 exd5 36. Rxd5+ 1-0

[Event "Early-Titled-Tuesday-Blitz-October-24-2023"]
[Site "Chess.com"]
[Date "2023.10.24"]
[Round "1"]
[White "koncheto"]
[Black "Dewarfd"]
[Result "0-1"]
[WhiteElo "2533"]
[BlackElo "2162"]
[TimeControl "180+1"]
[EndTime "8:07:18 PDT"]
[Termination "Dewarfd won by resignation"]

1. e4 e5 2. Nf3 Nc6 3. d4 exd4 4. Bc4 Nf6 5. O-O d6 6. Nxd4 Be7 7. Nc3 O-O 8. h3 Nxd4 9. Qxd4 Be6 10. Bf4 Nd7 11. Bb3 Bf6 12. Qd2 Bxb3 13. axb3 Nc5 14. Rfe1 Re8 15. f3 Ne6 16. Be3 Be5 17. Rad1 Qh4 18. Bf2 Bxc3 19. bxc3 Qf4 20. Qd5 Qg5 21. Qxg5 Nxg5 22. Ra1 a6 23. Red1 Ne6 24. Kf1 Nf4 25. Be3 Ng6 26. Kf2 Re7 27. b4 Rae8 28. Bd4 Ne5 29. Rdb1 Nc4 30. b5 axb5 31. Rxb5 b6 32.
Ra7 c6 33. Rb4 Rxa7 34. Rxc4 c5 35. Be3 b5 36. Rxc5 dxc5 37. Bxc5 Rc7 38. Bd4 Rec8 39. Ke3 Rxc3+ 0-1

[Event "Early-Titled-Tuesday-Blitz-October-24-2023"]
[Site "Chess.com"]
[Date "2023.10.24"]
[Round "1"]
[White "Thunderbolt135"]
[Black "GiorgianBarbosa"]
[Result "1-0"]
[WhiteElo "2750"]
[BlackElo "2402"]
[TimeControl "180+1"]
[EndTime "8:07:19 PDT"]
[Termination "Thunderbolt135 won by resignation"]

1. g3 Nf6 2. Bg2 e6 3. d4 d5 4. Nf3 Be7 5. O-O O-O 6. Nbd2 a5 7. c4 c6 8. Qc2 b6 9. e4 Ba6 10. b3 Nbd7 11. e5 Ne8 12. Re1 Nc7 13. h4 h6 14. Bb2 c5 15. Rad1 Rc8 16. Qb1 Qe8 17.
cxd5 Nxd5 18. Ne4 cxd4 19. Rxd4 Bb4 20. Nd6 Qd8 21. Red1 Rc7 22. Rg4 Nxe5 23. Bxe5 f6 24. Nd4 fxe5 25. Nxe6 Qxd6 26. Nxf8 Nc3 27. Rxd6 Nxb1 28. Rxb6 Bxf8 29. Rxa6 Rc1+ 30. Kh2 Nd2 31. Rxa5 e4 32. Ra8 Nf3+ 33. Bxf3 exf3 34. Rf4 1-0

[Event "Early-Titled-Tuesday-Blitz-October-24-2023"]
[Site "Chess.com"]
[Date "2023.10.24"]
[Round "1"]
[White "Alenzer"]
[Black "Mikhail_Golubev"]
[Result "0-1"]
[WhiteElo "2082"]
[BlackElo "2536"]
[TimeControl "180+1"]
[EndTime "8:07:21 PDT"]
[Termination "Mikhail_Golubev won by checkmate"]

1. e4 c5 2. Nf3 d6 3. d4 cxd4 4. Nxd4 Nf6 5. Nc3 Nc6 6. Be3 Ng4 7. Nxc6 bxc6 8. Be2 Nxe3 9. fxe3 g6 10. O-O Bg7 11.
Bc4 O-O 12. Qd2 e6 13. Rad1 Be5 14. Rf3 Rb8 15. Bb3 c5 16. Rdf1 Ba6 17. Ne2 c4 18. Ba4 Rxb2 19. Qe1 Rxa2 20. Bc6 Ra1 21. Qf2 Rxf1+ 22.
Qxf1 Qb6 23. Ba4 Kg7 24. Kh1 Qa5 25. Bd7 Qd8 26. Ba4 Bb7 27. Nf4 Bxe4 28. Rf2 d5 29.
h3 Qh4 30. Kh2 g5 31. g3 Qh6 32. Ne2 g4 33. h4 Qxh4+ 34. Kg1 Qh1# 0-1

[Event "Early-Titled-Tuesday-Blitz-October-24-2023"]
[Site "Chess.com"]
[Date "2023.10.24"]
[Round "1"]
[White "Tonychess32"]
[Black "Alina_Gumerovna"]
[Result "1-0"]
[WhiteElo "2536"]
[BlackElo "2072"]
[TimeControl "180+1"]
[EndTime "8:07:22 PDT"]
[Termination "Tonychess32 won by resignation"]

1. e4 e6 2. d4 d5 3. Bd3 c5 4.
exd5 Qxd5 5. Nf3 cxd4 6. O-O Nf6 7. Re1 Bd6 8. Nbd2 O-O 9. Ne4 Nxe4 10. Bxe4 Qc5 11.
Qxd4 Qxd4 12. Nxd4 a6 13. Be3 f5 14. Bf3 e5 15. Nb3 e4 16. Be2 Be6 17. Rad1 Bxb3 18. axb3 Be5 19. c3 Nc6 20. Bc4+ Kh8 21. Rd7 b5 22. Bd5 Rac8 23. Bxc6 Rxc6 24. g3 b4 25. c4 Bxb2 26. Red1 h6 27. h4 Be5 28.
R1d5 Bc7 29. h5 f4 30. gxf4 Bxf4 31. Bd4 Rg8 32. Rf7 Bg5 33. Rdd7 Bf6 34. Be3 a5 35. Ra7 Bd8 36. Kf1 Rf6 37. Rfd7 Rf5 38. Ke2 Rxh5 39.
Rab7 a4 40. bxa4 b3 41. Rxb3 Ra5 42. Rb5 Bf6 43. Rxa5 1-0

[Event "Early-Titled-Tuesday-Blitz-October-24-2023"]
[Site "Chess.com"]
[Date "2023.10.24"]
[Round "1"]
[White "TheoSlade"]
[Black "Sanan_Sjugirov"]
[Result "0-1"]
[WhiteElo "2502"]
[BlackElo "2949"]
[TimeControl "180+1"]
[EndTime "8:07:23 PDT"]
[Termination "Sanan_Sjugirov won by resignation"]

1. d4 d5 2. c4 e6 3. Nf3 Nf6 4. g3 Bb4+ 5. Nbd2 O-O 6. Bg2 b6 7. O-O Bb7 8. a3 Be7 9. cxd5 exd5 10. b4 Nbd7 11. Bb2 Re8 12. b5 Bd6 13. a4 Qe7 14.
Qe1 Qxe2 15. Qb1 Ne4 16. Nxe4 dxe4 17. Re1 Qd3 18. Qxd3 exd3 19. Rad1 a6 20. Rxe8+ Rxe8 21.
Rxd3 axb5 22. axb5 Ra8 23. Ne5 Bxg2 24. Kxg2 Nf6 25.
Nc4 Nd5 26. Nxd6 cxd6 27. Ba3 Rd8 28. Rd2 Nc3 29. Rb2 f5 30. Rb3 Nd5 31. Rb2 Nc3 32. Rb3 Nd5 33. Rb2 Kf7 34. Rc2 Ke6 35. Rc6 Rd7 36. h4 g6 37. Kf3 h6 38. Bc1 h5 39. Ba3 Rd8 40. Ke2 f4 41. Kf3 fxg3 42. fxg3 Rd7 43. Ke2 Kf5 44. Rxd6 Rxd6 45. Bxd6 Ke4 46.
Be5 Nc3+ 47. Kd2 Nxb5 48. Bd6 Nxd6 0-1

[Event "Early-Titled-Tuesday-Blitz-October-24-2023"]
[Site "Chess.com"]
[Date "2023.10.24"]
[Round "1"]
[White "FlemingA"]
[Black "BahadirOzen"]
[Result "0-1"]
[WhiteElo "2432"]
[BlackElo "2796"]
[TimeControl "180+1"]
[EndTime "8:07:23 PDT"]
[Termination "BahadirOzen won by checkmate"]

1. e4 g6 2. d4 Bg7 3. Nc3 d6 4.
h4 Nf6 5. h5 Nxh5 6. Rxh5 gxh5 7.
Qxh5 e6 8. Nf3 h6 9. Bd3 Nc6 10.
Be3 Bd7 11. O-O-O Qe7 12. e5 dxe5 13. dxe5 O-O-O 14. a3 a6 15. Ne4 Kb8 16. Bc5 Qe8 17. Kb1 Bc8 18. Rh1 b6 19. Be3 a5 20. Bb5 Bd7 21.
Bd3 Ne7 22. Nf6 Bxf6 23. exf6 Nd5 24. Bd4 Nf4 25. Qg4 Nxd3 26. cxd3 Bb5 27. Ne5 Rg8 28. Qe4 Rh8 29. g4 Rd6 30. Bc3 Ba6 31. Rh5 Bb7 32. Qe3 Rd5 33. d4 Qf8 34. f4 Ka8 35.
Qh3 c5 36. dxc5 Qxc5 37. g5 Rd1+ 38. Kc2 Rhd8 39. Rxh6 Be4+ 40. Kb3 Qd5+ 41. Nc4 a4+ 42. Kb4 Qc5+ 43. Kxa4 Qxc4+ 44. Bb4 Bc6# 0-1

[Event "Early-Titled-Tuesday-Blitz-October-24-2023"]
[Site "Chess.com"]
[Date "2023.10.24"]
[Round "1"]
[White "ImBushchess"]
[Black "dcremisi"]
[Result "0-1"]
[WhiteElo "2231"]
[BlackElo "2579"]
[TimeControl "180+1"]
[EndTime "8:07:24 PDT"]
[Termination "dcremisi won on time"]

1. d4 d6 2. Nf3 Nf6 3. g3 g6 4. Bg2 Bg7 5. O-O O-O 6. c4 c5 7. Nc3 a6 8. Bg5 h6 9. Bxf6 Bxf6 10. Nd5 Bg7 11. dxc5 dxc5 12. Qb3 Nc6 13. Rad1 Qa5 14. Nb6 Rb8 15. e3 Be6 16. Nd7 Bxd7 17. Rxd7 b5 18.
Nh4 bxc4 19. Qd1 Ne5 20. Rxe7 Rxb2 21. Bd5 Qxa2 22. f4 Bf6 23. fxe5 Bxe7 24. Nxg6 Bg5 25. Nf4 Rd2 26. Qf3 Qc2 27. Nh5 Qg6 28. Nf6+ Bxf6 29.
exf6 c3 30. Bc4 c2 31. Rc1 Rfd8 32. Bb3 c4 33. Ba4 Kh7 34. e4 Qg5 35. Bxc2 R2d3 36. Rf1 Rxf3 0-1

[Event "Early-Titled-Tuesday-Blitz-October-24-2023"]
[Site "Chess.com"]
[Date "2023.10.24"]
[Round "1"]
[White "CFN_Good_Evening"]
[Black "elisak43"]
[Result "1-0"]
[WhiteElo "1738"]
[BlackElo "2496"]
[TimeControl "180+1"]
[EndTime "8:07:25 PDT"]
[Termination "CFN_Good_Evening won on time"]

1. d3 d5 2. Nf3 Nf6 3. Bg5 Nc6 4. Nbd2 e5 5. e4 dxe4 6. dxe4 Bc5 7. Bb5 Bg4 8. O-O O-O 9. Bxc6 bxc6 10. h3 Bxf3 11. Qxf3 Be7 12. Nc4 Nd7 13. Be3 Bd6 14. Rad1 Qe7 15.
Rd2 Nb6 16. Na5 Qe8 17. Rfd1 Bb4 18. c3 Bxa5 19. b4 Nc4 20. bxa5 Nxd2 21. Rxd2 Rd8 22. Rb2 Rb8 23. Rd2 Rb1+ 24. Kh2 Rb5 25. a6 Qc8 26. c4 Ra5 27. Bxa7 Qxa6 28. Be3 Qxc4 29. Qf5 Qe6 30. Qg5 f6 31. Qh5 Raa8 32. Qd1 Rxa2 33. Rd7 Ra1 34. Qd2 Ra2 35. Qd1 Raa8 36. Bc5 Rfe8 37.
Rxc7 Rad8 38. Qa4 Rc8 39. Rb7 h5 40. Qa7 Re7 41. Rxe7 1-0

[Event "Early-Titled-Tuesday-Blitz-October-24-2023"]
[Site "Chess.com"]
[Date "2023.10.24"]
[Round "1"]
[White "Fan_Of_Chucky"]
[Black "the_chess_child"]
[Result "0-1"]
[WhiteElo "2504"]
[BlackElo "2956"]
[TimeControl "180+1"]
[EndTime "8:07:26 PDT"]
[Termination "the_chess_child won on time"]

1. d4 Nf6 2. c4 g6 3. Nc3 Bg7 4. e4 d6 5. h3 O-O 6. Be3 Nbd7 7. Nf3 e5 8. d5 a5 9. Be2 Nc5 10. Nd2 Nfd7 11. g4 Na6 12. h4 Ndc5 13. a3 Bd7 14.
Qc2 a4 15. O-O-O f5 16. gxf5 gxf5 17. Bg5 Qe8 18. Rdg1 Kh8 19. f3 c6 20. Rg2 f4 21. h5 Bf6 22. Bxf6+ Rxf6 23. Qd1 Qf7 24. Qe1 Rg8 25. Rxg8+ Qxg8 26. Rg1 Qf7 27. Qh4 Be8 28.
h6 Qf8 29. Rg7 Rg6 30. Rxg6 Bxg6 31. Qg5 Kg8 32. Bf1 Kf7 33. Bh3 Qe7 34. Qg2 Qh4 35. Bc8 Nd3+ 36. Kc2 Ne1+ 0-1

[Event "Early-Titled-Tuesday-Blitz-October-24-2023"]
[Site "Chess.com"]
[Date "2023.10.24"]
[Round "1"]
[White "kidagent"]
[Black "ellatambien"]
[Result "0-1"]
[WhiteElo "2272"]
[BlackElo "2594"]
[TimeControl "180+1"]
[EndTime "8:07:26 PDT"]
[Termination "ellatambien won on time"]

1. c4 e6 2. g3 d5 3. cxd5 exd5 4. Bg2 Nf6 5. d3 Bd6 6. Nc3 O-O 7. Nf3 h6 8. O-O Re8 9. Re1 Bf8 10. b3 d4 11. Ne4 Nxe4 12. dxe4 c5 13. Qc2 Nc6 14. Bd2 b6 15. Rad1 Bb7 16. e3 d3 17.
Qb2 b5 18. Bc3 b4 19. Bd2 a5 20. a4 Ba6 21. Rc1 Rc8 22. Red1 g6 23. Qb1 Ne5 24. Nxe5 Rxe5 25. f4 Re8 26. e5 c4 27. bxc4 Bxc4 28. Be4 Qd7 29. Be1 Qxa4 30. Bxd3 Bxd3 31. Qxd3 Rxc1 32.
Rxc1 b3 33. Rb1 Rb8 34. e6 Qb5 35. exf7+ Kxf7 36. Qc3 a4 37. Qc7+ Be7 38. Bc3 Rb7 39.
Qc8 a3 40. Rd1 b2 41. Rb1 Qc5 42. Qxc5 Bxc5 0-1

[Event "Early-Titled-Tuesday-Blitz-October-24-2023"]
[Site "Chess.com"]
[Date "2023.10.24"]
[Round "1"]
[White "publicaccountcze"]
[Black "ukchessbomber"]
[Result "0-1"]
[WhiteElo "2324"]
[BlackElo "2649"]
[TimeControl "180+1"]
[EndTime "8:07:27 PDT"]
[Termination "ukchessbomber won on time"]

1. e4 a6 2. d4 b6 3. Bd3 Bb7 4. Qe2 d6 5. Nf3 Nd7 6. O-O g6 7. c3 Bg7 8. Be3 c5 9. Nbd2 e6 10. Nc4 Qc7 11. a4 O-O-O 12. b4 d5 13. exd5 exd5 14.
Nce5 c4 15. Nxc4 dxc4 16. Bxc4 Ngf6 17. Bxa6 Bxa6 18. Qxa6+ Kb8 19. a5 Nd5 20. axb6 Qb7 21. Qa3 N7xb6 22. Nd2 Rhe8 23. Rfe1 Nxe3 24. fxe3 Nd5 25.
e4 Nxc3 26. e5 Nb5 27. Qa5 Nxd4 28. Nc4 Nc6 29. Qc5 Bf8 30. Qe3 Rd4 31. Rec1 Red8 32.
Rab1 Qa7 33. Kf1 Qa2 34. Qe2 Qxe2+ 35. Kxe2 Nxb4 36. Na5 Ka8 0-1

[Event "Early-Titled-Tuesday-Blitz-October-24-2023"]
[Site "Chess.com"]
[Date "2023.10.24"]
[Round "1"]
[White "WPWPWP-2015"]
[Black "Nbk90"]
[Result "1-0"]
[WhiteElo "2557"]
[BlackElo "2170"]
[TimeControl "180+1"]
[EndTime "8:07:27 PDT"]
[Termination "WPWPWP-2015 won on time"]

1. e4 c6 2. d4 d5 3. e5 Bf5 4. Nf3 e6 5. Be2 Bg6 6. O-O Ne7 7. a4 Nd7 8. a5 a6 9. b4 Nf5 10. c3 Be7 11. Re1 O-O 12. h3 Nh4 13. Nh2 f6 14.
f4 fxe5 15. dxe5 c5 16. Qb3 Be4 17. Bf1 Kh8 18. Nd2 Bg6 19. Ndf3 Nf5 20. Ra2 Ng3 21. Be3 Qc7 22. Rb2 Rac8 23. b5 c4 24. b6 cxb3 25.
bxc7 Rxc7 26. Rxb3 Nc5 27. Rb6 Na4 28. Rxe6 Nxc3 29. Bb6 Rd7 30. Bd4 Nce4 31. Rb6 Rc8 32. e6 Rdd8 33. Ne5 Nf5 34. Rxb7 Nxd4 35. Rxe7 Nf5 36.
Rd7 Re8 37. Nf7+ Bxf7 38. exf7 Rf8 39. Ng4 Nf6 40. Nxf6 gxf6 41. Bxa6 Kg7 42. Bxc8 Rxc8 43. Re8 Rc1+ 44. Kh2 1-0

[Event "Early-Titled-Tuesday-Blitz-October-24-2023"]
[Site "Chess.com"]
[Date "2023.10.24"]
[Round "1"]
[White "jup1978"]
[Black "Blitzstream"]
[Result "0-1"]
[WhiteElo "2467"]
[BlackElo "2849"]
[TimeControl "180+1"]
[EndTime "8:07:29 PDT"]
[Termination "Blitzstream won by resignation"]

1. d4 d5 2. c4 c6 3. Nf3 Nf6 4. cxd5 cxd5 5. Nc3 Nc6 6. Bf4 Ne4 7. e3 Nxc3 8. bxc3 g6 9. c4 Bg7 10. Be2 dxc4 11.
Bxc4 Qa5+ 12. Qd2 Qxd2+ 13. Nxd2 Bf5 14. O-O O-O 15. Nf3 Rac8 16. Rfc1 Nb4 17. Ne1 Nc2 18. Nxc2 Rxc4 19. Na3 Rxc1+ 20. Rxc1 Rc8 21. Rxc8+ Bxc8 22. Kf1 Kf8 23. Nb5 a6 24. Nc3 b5 25. Ke2 Be6 26. a3 Bc4+ 27. Kd2 Ke8 28. f3 Kd7 29. Ne4 Kc6 30. Nc5 a5 31. Ne4 Bf8 32. Kc2 e6 33.
Kb2 b4 34. axb4 Bxb4 35. Nc3 Bf1 36. g3 Bg2 37. e4 Bxf3 38. d5+ exd5 39. Nxd5 Bxe4 40.
Nxb4+ axb4 41. Bd2 Kb5 42. g4 Kc4 43. g5 Bd5 44. h4 b3 45. Be1 Kd3 46. Bb4 Ke4 47. Bd2 Kf5 48. Bc3 Kg4 49. Be1 Kh5 50. Kc3 h6 51.
gxh6 Kxh6 52. Bd2+ Kh5 53. Be1 Kg4 54. Kb2 f5 55. Kc3 Kf3 56. Bd2 f4 57. Bc1 Kg4 58.
Kd4 f3 59. Ke3 Kg3 0-1

[Event "Early-Titled-Tuesday-Blitz-October-24-2023"]
[Site "Chess.com"]
[Date "2023.10.24"]
[Round "1"]
[White "Fuzesabonyilaci"]
[Black "adapodadei"]
[Result "0-1"]
[WhiteElo "2396"]
[BlackElo "2722"]
[TimeControl "180+1"]
[EndTime "8:07:29 PDT"]
[Termination "adapodadei won on time"]

1. d4 Nf6 2. Nc3 d5 3. Bf4 e6 4. Nf3 Bb4 5. Qd3 c5 6. dxc5 Nbd7 7. a3 Qa5 8. Ne5 Nxc5 9. Qd4 Bxc3+ 10. Qxc3 Qxc3+ 11. bxc3 Nfe4 12. Bd2 Nxd2 13. Kxd2 Ne4+ 14. Ke1 f6 15. Nd3 Nxc3 16. f3 Bd7 17. Kd2 Rc8 18.
e3 e5 19. Nb4 Be6 20. Na2 Nxa2 21. Rxa2 Ke7 22. Rb2 Rc7 23. Bd3 g6 24. Rhb1 b6 25. a4 f5 26. e4 dxe4 27. fxe4 Rd8 28. Ke3 Rc5 29. Rb5 Rxb5 30. axb5 f4+ 31. Kf3 g5 32. h3 h5 33. Kf2 Rd7 34. Rh1 Rc7 35. Ra1 Kf6 36.
Ra3 g4 37. hxg4 hxg4 38. Ra1 g3+ 39. Ke1 Rh7 40. Kd2 Rh2 41. Rg1 f3 42. Ke3 f2 43.
Rf1 Rxg2 44. Kf3 Bh3 45. Rh1 Rh2 46. Ra1 f1=Q+ 47. Bxf1 Rf2+ 48. Kxg3 Rxf1 49. Rxa7 Be6 50. Rb7 Rc1 51. Rxb6 Rxc2 52. Kf3 Ke7 53. Rb7+ Bd7 54. Ke3 Rb2 55. b6 Kd6 56. Kd3 Kc6 57. Rc7+ Kd6 58. Rb7 Bc6 59. Rb8 Kc5 60. Ke3 Rb3+ 61. Kf2 Rxb6 62.
Rh8 Kd4 63. Kg3 Bxe4 64. Rd8+ Bd5 65. Kf2 Rf6+ 66. Ke2 e4 67. Rb8 Rh6 68. Ke1 Bc4 69.
Ra8 Ke3 70. Kd1 Bd3 71. Kc1 Rb6 72. Ra1 Rb5 0-1

[Event "Early-Titled-Tuesday-Blitz-October-24-2023"]
[Site "Chess.com"]
[Date "2023.10.24"]
[Round "1"]
[White "DTChess"]
[Black "Hooded_Old_Man"]
[Result "1-0"]
[WhiteElo "2684"]
[BlackElo "2362"]
[TimeControl "180+1"]
[EndTime "8:07:30 PDT"]
[Termination "DTChess won by resignation"]

1. e4 c5 2. Nf3 d6 3. Nc3 Nf6 4. d4 cxd4 5. Nxd4 a6 6. Be2 e5 7.
Nb3 Be7 8. Bg5 Be6 9. Bxf6 Bxf6 10. Nd5 Nd7 11. Qd3 Be7 12. c3 Nf6 13. Nxf6+ Bxf6 14. O-O-O Be7 15. Kb1 Qc7 16. Na1 O-O 17. Nc2 f5 18.
Bf3 Rac8 19. Ne3 f4 20. Nd5 Bxd5 21. Qxd5+ Kh8 22. Bg4 Rcd8 23. f3 Qc6 24. Rd2 g6 25.
Rhd1 h5 26. Bh3 Qxd5 27. Rxd5 Kg7 28. c4 b6 29. a4 g5 30. Bf5 Kf6 31. Kc2 a5 32. b4 axb4 33. Kb3 Rg8 34. h3 Ra8 35. Rb5 Rgb8 36. Rdd5 Ra7 37. Rxb4 Rc7 38. Rdb5 d5 39. Rxb6+ Rxb6 40. Rxb6+ Kg7 41. exd5 Bc5 42. Rb5 Kf6 43. Be4 Ke7 44. a5 Kd6 45. Ka4 g4 46. hxg4 hxg4 47. fxg4 Rg7 48. Rb8 Rxg4 49. Rc8 Rg3 50.
Rc6+ Kd7 51. Rxc5 f3 52. gxf3 1-0